 Dungeon Crawl Stone Soup version 0.26.1-11-gd32895ea62 (webtiles) character file.

Game seed: 11121340900633000263

121 Jerry the Cudgeller (level 4, -6/45 HPs)
             Began as a Troll Berserker on June 22, 2021.
             Was a Believer of Trog.
             Killed by nerve-wracking pain
             ... invoked by Grinder
              (13 damage)
             ... on level 3 of the Dungeon.
             The game lasted 00:04:42 (1714 turns).

Jerry the Cudgeller (Troll Berserker)               Turns: 1714, Time: 00:04:43

Health: -6/45      AC:  6    Str: 25    XL:     4   Next: 77%
Magic:  3/3        EV: 10    Int:  4    God:    Trog [**....]
Gold:   154        SH:  0    Dex:  9    Spells: 3/3 levels left

rFire    . . .     SeeInvis .   a - +0 mace
rCold    . . .     Faith    .   (no shield)
rNeg     . . .     Spirit   .   b - +0 animal skin
rPois    .         Reflect  .   (helmet restricted)
rElec    .         Harm     .   (no cloak)
rCorr    .         Rampage  .   (gloves unavailable)
Will     .....                  (boots unavailable)
Stlth    +.........             (no amulet)
HPRegen  0.55/turn              (no ring)
MPRegen  0.08/turn              (no ring)

@: berserk cooldown, slowed, very slow
A: large, unfitting armour, claws 3, regeneration 1, shaggy fur 1, tough skin 3
a: Renounce Religion, Berserk, Trog's Hand


You were on level 3 of the Dungeon.
You worshipped Trog.
Trog was pleased with you.
You visited 1 branch of the dungeon, and saw 3 of its levels.

You collected 154 gold pieces.

Inventory:

Hand Weapons
 a - a +0 mace (weapon)
Missiles
 g - 10 poisoned darts (quivered)
Armour
 b - a +0 animal skin (worn)
Magical Staves
 h - an uncursed staff of conjuration {unknown}
Scrolls
 d - a scroll of noise {unknown}
 e - 4 scrolls of magic mapping {unknown}
 f - a scroll of immolation {unknown}
 i - a scroll of fear {unknown}
 j - 3 scrolls of remove curse {unknown}
 k - a scroll of blinking {unknown}
 m - a scroll of fog {unknown}
Potions
 c - a potion of heal wounds {unknown}
 l - a potion of ambrosia {unknown}


   Skills:
 + Level 3.0 Fighting
 * Level 3.8 Maces & Flails
 + Level 2.9 Dodging
 + Level 1.0 Stealth


You had 3 spell levels left.
You didn't know any spells.
Your spell library was empty.

Dungeon Overview and Level Annotations

Branches:
Dungeon (3/15)

Altars:
Ashenzari
Zin

Annotations:
D:3 Grinder


Innate Abilities, Weirdness & Mutations

You are too large for most types of armour.
You have claws for hands.
Your natural rate of healing is unusually fast.
You are covered in fur. (AC +1)
You have extremely tough skin. (AC +3)


Message History

Your Stealth skill increases to level 1!
Things that are here:
a +0 club; a scroll labelled EDDOQE KASM You feel a strong urge to attack something.
You are no longer berserk.
You are exhausted.
You feel yourself slow down.
You hit Grinder but do no damage. Grinder hits you.
You writhe in agony.
Grinder says, "What is the universe for?"
Grinder barely misses you.
You barely miss Grinder. Grinder barely misses you. Grinder gestures at you.
Pain shoots through your body!
* * * LOW HITPOINT WARNING * * *
You hit Grinder.
Grinder is lightly wounded.
Grinder closely misses you. Grinder gestures at you.
Pain shoots through your body!
You die...

####........#..#
#..###.###..#
##....#.#.#.<#
#.....#.#.#..##
##.#..#.#.....#
...#....#.#...#
###.#..........#
#.......(....#
###....()@5..#
+.....†........
#....."...##.##
#............
#####+##...##
..... ..#### ...


You could see Grinder.

Vanquished Creatures
  Natasha (D:3)
  A gnoll (D:1)
  2 adders
  6 worms (D:2)
  3 dart slugs
  3 leopard geckos
  7 bats
  2 giant cockroaches
  5 goblins
  5 hobgoblins
  3 frilled lizards
  8 kobolds
  2 rats (D:1)
48 creatures vanquished.

Notes
Turn   | Place    | Note
-------+----------+-------------------------------------------
     0 | D:1      | Jerry the Troll Berserker began the quest for the Orb.
     0 | D:1      | Reached XP level 1. HP: 22/22 MP: 0/0
    90 | D:1      | Reached XP level 2. HP: 29/29 MP: 1/1
   331 | D:1      | Reached XP level 3. HP: 36/36 MP: 2/2
  1028 | D:2      | Reached ** piety under Trog
  1188 | D:2      | Found a broken altar of Ashenzari.
  1401 | D:2      | Reached XP level 4. HP: 24/44 MP: 3/3
  1449 | D:2      | Found a glowing silver altar of Zin.
  1691 | D:3      | Noticed Natasha
  1694 | D:3      | Noticed Grinder
  1700 | D:3      | Killed Natasha
  1702 | D:3      | Paralysed by Grinder for 4 turns
  1710 | D:3      | Reached skill level 1 in Stealth
  1714 | D:3      | Killed from afar by Grinder

Illustrated notes

Levels and vault maps discovered:
D:1:      co_arrival_square_in_a_square_in_a_square, layout_loops_ring
D:2:      layout_basic, zin_statuary, general_overflow_altar
D:3:      minmay_skewed_foursquare, layout_basic, uniq_natasha, uniq_grinder

Skill      XL: |  1  2  3  4 |
---------------+-------------+-----
Maces & Flails | 3 |  3.8
Fighting       | 3 |  3.0
Stealth        | 1 |  1.0
Dodging        | |  2.9

Action                   |  1- 3 |  4- 6 || total
-------------------------+-------+-------++-------
Melee: Mace              |   134 |    37 ||   171
Throw: Dart              |     4 |       ||     4
Invok: Berserk           |       |     1 ||     1
 Stab: Sleeping          |     2 |       ||     2
Armor: Animal skin       |    58 |    28 ||    86
Dodge: Dodged            |    82 |    25 ||   107
